 Dungeon Crawl Stone Soup version 0.19-a0-1206-g6bcb79c (webtiles) character file.

238 Duffy the Chopper (level 5, -7/38 HPs)
             Began as a Mummy Gladiator on Aug 21, 2016.
             Killed from afar by Duvessa (18 damage)
             ... with a wand of flame
             ... on level 4 of the Dungeon.
             The game lasted 00:02:32 (3356 turns).

Duffy the Chopper (Mummy Gladiator)                 Turns: 3356, Time: 00:02:33

Health: -7/38      AC:  7    Str: 19    XL:     5   Next: 78%
Magic:  5/5        EV: 10    Int:  7    God:
Gold:   103        SH:  0    Dex: 13    Spells: 0 memorised, 4 levels left

rFire  x . .     SeeInvis .     a - +0 war axe
rCold  + + .     Gourm    .     f - +0 scale mail
rNeg   + + +     Faith    .     (no shield)
rPois  ∞         Spirit   .     c - +0 helmet
rElec  .         Dismiss  .     (no cloak)
rCorr  .         Reflect  .     (no gloves)
MR     .....     Harm     .     (no boots)
Stlth  ..........               (no amulet)
                                (no ring)
                                l - ring of protection from cold

@: no status effects
A: no food or potions, fire vulnerability, cold resistance 1, negative energy
resistance 3, torment resistance, unbreathing
a: no special abilities


You were on level 4 of the Dungeon.
You were not hungry.

You visited 1 branch of the dungeon, and saw 4 of its levels.

You collected 103 gold pieces.

Inventory:

Hand Weapons
 a - a +0 war axe (weapon)
Armour
 b - a +0 leather armour
 c - a +0 helmet (worn)
 f - a +0 scale mail (worn)
Jewellery
 l - a ring of protection from cold (left hand)
Scrolls
 e - 5 scrolls of identify {unknown}
 g - 3 scrolls of teleportation {unknown}
 h - 2 scrolls of random uselessness {unknown}
 i - a scroll of blinking {unknown}
 j - 3 scrolls of remove curse {unknown}
 k - a scroll of fear {unknown}
 m - a scroll of amnesia {unknown}


   Skills:
 - Level 2.0 Fighting
 + Level 5.4 Axes
 - Level 1.5 Throwing
 - Level 2.4 Dodging


You had 4 spell levels left.
You didn't know any spells.

Dungeon Overview and Level Annotations

Branches:
Dungeon (4/15)
 Temple: D:4-7

Altars:
Fedhas

Annotations:
D:3 Sigmund
D:4 Dowan, Duvessa


Innate Abilities, Weirdness & Mutations

You do not eat or drink.
Your flesh is vulnerable to fire.
You are immune to poison.
Your flesh is cold resistant. (rC+)
You are immune to negative energy. (rN+++)
You are immune to unholy pain and torment.
You can survive without breathing.


Message History

Duvessa struggles against the net.
You hit Duvessa.
Duvessa is heavily wounded.
Duvessa zaps a wand.
The puff of flame misses you.
Duvessa struggles against the net.
Dowan points at Duvessa and mumbles some strange words.
Duvessa seems to speed up.
You catch the helpless Duvessa completely off-guard!
You slash Duvessa!
Duvessa is severely wounded.
Duvessa struggles against the net.
The net rips apart, and Duvessa comes free!
You hit Duvessa but do no damage.
Duvessa is severely wounded.
Duvessa gestures with her weapon.
Duvessa hits you but does no damage.
Dowan gestures wildly while chanting.
Dowan blinks!
Duvessa zaps a wand.
The puff of flame hits you! The fire burns you terribly!
You die...

#########
#$..@e0.#
#.#####.# # #.# .
#.####### ..#
#e......#
#...#####<%$.##.#
#.....%e%......
####..####.#...
#...........


You could see Duvessa.

Vanquished Creatures
  A gnoll shaman (D:2)
  Jessica (D:3)
  An orc wizard (D:3)
  Ijyb (D:3)
  5 gnolls
  2 adders
  2 giant geckos (D:1)
  7 orcs (D:3)
  A ball python (D:3)
  6 bats
  2 giant cockroaches
  7 goblins
  10 hobgoblins
  4 kobolds
  A quokka (D:2)
  2 giant newts (D:1)
  4 rats
57 creatures vanquished.

Notes
Turn   | Place    | Note
-------+----------+-------------------------------------------
     0 | D:1      | Duffy the Mummy Gladiator began the quest for the Orb.
     0 | D:1      | Reached XP level 1. HP: 16/16 MP: 1/1
   141 | D:1      | Reached XP level 2. HP: 19/22 MP: 2/2
   185 | D:1      | Reached skill level 3 in Axes
  1140 | D:1      | Reached XP level 3. HP: 27/27 MP: 3/3
  1788 | D:3      | Noticed Ijyb
  1808 | D:3      | Killed Ijyb
  1808 | D:3      | Reached skill level 4 in Axes
  1909 | D:3      | Found a blossoming altar of Fedhas.
  2030 | D:3      | Reached XP level 4. HP: 33/33 MP: 4/4
  2735 | D:2      | Reached XP level 5. HP: 20/38 MP: 5/5
  2932 | D:3      | Reached skill level 5 in Axes
  3238 | D:3      | Noticed Sigmund
  3238 | D:3      | Noticed Jessica
  3246 | D:3      | Killed Jessica
  3334 | D:4      | Noticed Duvessa
  3334 | D:4      | Noticed Dowan
  3356 | D:4      | Killed from afar by Duvessa

Vault maps used:
D:1:      dpeg_arrival_signposts, serial_glass, glass_columns_b,
          glass_columns_a, glass_columns_a, glass_columns_b
D:2:      minmay_liquid_box
D:3:      fedhas_altar_3, uniq_iyjb, uniq_sigmund, uniq_jessica
D:4:      uniq_duvessa, uniq_crazy_yiuf_cottage, uniq_pikel, uniq_eustachio

Skill      XL: |  1  2  3  4  5 |
---------------+----------------+-----
Axes           | 3 4 5 |  5.4
Fighting       | |  2.0
Throwing       | |  1.5
Dodging        | |  2.4

Action                   |  1- 3 |  4- 6 || total
-------------------------+-------+-------++-------
Melee: War axe           |   116 |    88 ||   204
Throw: Throwing net      |       |     3 ||     3
 Stab: Sleeping          |     1 |       ||     1
       Held in net/web   |       |     2 ||     2
Armor: Scale mail        |    77 |    47 ||   124
       Leather armour    |     2 |       ||     2
Dodge: Dodged            |    61 |    63 ||   124
